 Dungeon Crawl Stone Soup version 0.27.1-34-g3ba077fa99 (webtiles) character file.

Game seed: 6198301923932905352

240 Vylera the Slasher (level 6, 0/46 HPs)
             Began as a Djinni Abyssal Knight on Jan 3, 2022.
             Was a Believer of Lugonu.
             Killed by divine providence
             ... invoked by an orc priest
              (16 damage)
             ... on level 5 of the Dungeon.
             The game lasted 00:07:14 (3086 turns).

Vylera the Slasher (Djinni Abyssal Knight)          Turns: 3086, Time: 00:07:14

Health: 0/46       AC:  7    Str: 11    XL:     6   Next: 29%
Gold:   210        EV: 13    Int: 14    God:    Lugonu [**....] SH:  0 Dex: 20

rFire    + + .     SeeInvis .   a - +1 falchion
rCold    x . .     Faith    .   (no shield)
rNeg     . . .     Spirit   .   b - +0 leather armour
rPois    ∞         Reflect  .   (no helmet)
rElec    .         Harm     .   (no cloak)
rCorr    .         Rampage  .   (no gloves)
Will     .....                  (boots unavailable)
Stlth    +.........             (no amulet)
HPRegen  0.15/turn              l - +4 ring of protection
MPRegen  0.00/turn              n - +6 ring of dexterity

@: flying
A: sickness immunity, fire resistance 2, cold vulnerability 1, float, innate
caster, hp casting, extra vitality 1
a: Renounce Religion, Depart the Abyss, Bend Space


You were on level 5 of the Dungeon.
You worshipped Lugonu.
Lugonu was pleased with you.
You visited 1 branch of the dungeon, and saw 4 of its levels.
You visited the Abyss 1 time.

You collected 210 gold pieces.

Inventory:

Hand Weapons
 a - a +1 falchion (weapon)
 d - a +0 long sword
Missiles
 g - 5 boomerangs
Armour
 b - a +0 leather armour (worn)
Jewellery
 l - a +4 ring of protection (left hand)
 n - a +6 ring of dexterity (right hand)
Wands
 q - a wand of mindburst (16)
Scrolls
 e - 2 scrolls of enchant armour {unknown}
 f - a scroll of immolation {unknown}
 h - a scroll of blinking {unknown}
 j - a scroll of teleportation {unknown}
 m - 2 scrolls of identify {unknown}
 o - a scroll of fear {unknown}
 p - a scroll of torment {unknown}
Potions
 c - a potion of attraction {unknown}
 i - a potion of heal wounds {unknown}
 k - a potion of curing {unknown}


   Skills:
 - Level 3.0 Fighting
 * Level 4.1 Long Blades
 - Level 1.0 Armour
 + Level 3.8 Dodging
 + Level 3.3 Invocations


You had 2 spell levels left.
You knew the following spells:

 Your Spells              Type           Power      Damage    Failure   Level
a - Freeze                Ice            0%         1d3       36%         1
b - Searing Ray           Conj           0%         3d3       50%         2
Your spell library was empty.

Dungeon Overview and Level Annotations

Branches:
Dungeon (3/15)

Altars:

Shops:
D:1 :


Innate Abilities, Weirdness & Mutations

You are immune to sickness and miasma.
You are immune to poison.
Your flesh is very heat resistant. (rF++)
You are vulnerable to cold. (rC-)
You float through the air rather than walking.
You learn spells naturally, not from books.
Your magical power is your life essence.
You have superior vitality. (+4 HP)


Message History

The bullfrog skeleton is heavily damaged.
You hit the bullfrog skeleton.
The bullfrog skeleton is severely damaged.
An orc comes into view. It is wielding a +0 short sword.
The bullfrog skeleton hits you but does no damage.
An orc comes into view. It is wielding a +0 short sword.
The orc shouts!
You hit the bullfrog skeleton but do no damage.
The bullfrog skeleton is severely damaged.
The bullfrog skeleton barely misses you.
The bullfrog skeleton misses you.
You riposte.
You hit the bullfrog skeleton but do no damage.
The bullfrog skeleton is severely damaged.
You barely miss the bullfrog skeleton.
The bullfrog skeleton is severely damaged.
The bullfrog skeleton hits you.
You hit the bullfrog skeleton.
The bullfrog skeleton is almost destroyed.
The bullfrog skeleton hits you but does no damage.
You hit the bullfrog skeleton.
You destroy the bullfrog skeleton!
Lugonu accepts your kill.
You hit the orc.
You kill the orc!
Lugonu accepts your kill.
The orc priest calls down the wrath of Beogh upon you.
Beogh smites you!
Found a fizzy coppery potion.
The orc hits you but does no damage.
Items here: ( )) [ †.
You barely miss the orc. The orc hits you with a +0 short sword.
You hit the orc.
The orc is heavily wounded.
The orc priest calls down the wrath of Beogh upon you.
Beogh smites you! The orc hits you but does no damage.
You are too injured to fight recklessly!
You closely miss the orc.
The orc is heavily wounded.
The orc priest calls down the wrath of Beogh upon you.
Beogh smites you!
You die...

###.######..#####
#.# ##.## #.#
#..# #.# ##.##
##.### #..#
#....# ##.#
#....# #.## ##
#....# #..# .#
#....# ##@# .#
#....# #o# .#
#....#


oo. .###....# !.... ........#####....... .###........#........ .#
###......#......... .# #......#.......... .# #......# You could see an orc
priest and 2 orcs.

Vanquished Creatures
  A scorpion (D:5)
  A centaur zombie (D:5)
  A bullfrog skeleton (D:5)
  4 adders
  A dart slug (D:2)
  7 orcs
  6 ball pythons
  3 bats
  3 endoplasms
  4 giant cockroaches
  6 goblins
  5 hobgoblins
  8 jackals (D:2)
  7 kobolds
  2 quokkas
  6 frilled lizards
  A rat (D:1)
66 creatures vanquished.

Notes
Turn   | Place    | Note
-------+----------+-------------------------------------------
     0 | Abyss:1  | Vylera the Djinni Abyssal Knight began the quest for the
                  | Orb.
     0 | Abyss:1  | Reached XP level 1. HP: 20/20 MP: 0/0
    50 | Abyss:1  | Noticed a small abomination
   119 | D:1      | Escaped the Abyss
   398 | D:1      | Reached skill level 2 in Long Blades
   405 | D:1      | Reached XP level 2. HP: 19/25 MP: 0/0
   503 | D:1      | Reached * piety under Lugonu
   799 | D:1      | Found a faded altar of an unknown god.
   809 | D:1      | Reached XP level 3. HP: 26/30 MP: 0/0
   809 | D:1      | Learned a level 1 spell: Freeze
   890 | D:1      | Found Nukueptu's Book Emporium.
  1562 | D:2      | Reached XP level 4. HP: 31/35 MP: 0/0
  1644 | D:2      | Reached skill level 3 in Long Blades
  1645 | D:2      | Reached ** piety under Lugonu
  2526 | D:3      | Reached XP level 5. HP: 38/40 MP: 0/0
  2526 | D:3      | Learned a level 2 spell: Searing Ray
  2559 | D:3      | You are sucked into a shaft and drop 2 floors!
  2559 | D:5      | Entered Level 5 of the Dungeon
  2912 | D:5      | Reached skill level 4 in Long Blades
  2912 | D:5      | Reached XP level 6. HP: 38/46 MP: 0/0
  3086 | D:5      | Killed from afar by an orc priest

Illustrated notes

Levels and vault maps discovered:
D:1:      mrwooster_arrival_statue_3, layout_basic,
          hellmonk_ecumenical_altar_arch_garden, serial_shops,
          nicolae_shop_stone
D:2:      layout_loops_ring, hangedman_decor_slide_cut, minmay_split_cup_small
D:3:      layout_basic
D:5:      layout_basic, lemuel_crystal_altar, st_stairs_10,
          hangedman_decor_push, uniq_prince_ribbit1

Skill      XL: |  1  2  3  4  5 |
---------------+----------------+-----
Long Blades    | 2 3 4 |  4.1
Invocations    | 2 3 |  3.3
Dodging        | 3 |  3.8
Fighting       | |  3.0
Armour         | |  1.0

Action                   |  1- 3 |  4- 6 || total
-------------------------+-------+-------++-------
Melee: Falchion          |   119 |   104 ||   223
 Cast: Freeze            |       |     2 ||     2
Invok: Depart the Abyss  |     1 |       ||     1
 Stab: Sleeping          |     2 |     1 ||     3
Armor: Leather armour    |    43 |    45 ||    88
Dodge: Dodged            |   108 |    75 ||   183
       Rpst.: Falchion   |    35 |    28 ||    63
